 Dungeon Crawl Stone Soup version 0.26.0-45-g9c1d065592 (webtiles) character file.

Game seed: 16065046180141955974

291 H0rd4k the Insei (level 6, -4/39 HPs)
             Began as an Octopode Transmuter on Jan 28, 2021.
             Killed from afar by Blork the orc (9 damage)
             ... with a puff of flame
             ... on level 4 of the Dungeon.
             The game lasted 00:03:05 (3495 turns).

H0rd4k the Insei (Octopode Transmuter)              Turns: 3495, Time: 00:03:06

Health: -4/39      AC:  1    Str: 10    XL:     6   Next: 32%
Magic:  10/10      EV: 14    Int: 23    God:
Gold:   204        SH:  0    Dex: 12    Spells: 6/10 levels left

rFire    . . .     SeeInvis .     - Unarmed
rCold    . . .     Faith    .   (no shield)
rNeg     . . .     Spirit   .   (helmet restricted)
rPois    .         Reflect  .   (no amulet)
rElec    .         Harm     .   l - +6 ring of intelligence
rCorr    .         Rampage  .   (no ring)
Will     .....                  (no ring)
Stlth    +++.......             (no ring)
HPRegen  0.13/turn              (no ring)
MPRegen  0.12/turn              (no ring)
                                (no ring)
                                (no ring)

@: about to teleport
A: almost no armour, stealthy swim, amphibious, 8 rings, constrict 8, camouflage
1, gelatinous body 1
a: no special abilities


You were on level 4 of the Dungeon.
You visited 1 branch of the dungeon, and saw 4 of its levels.

You collected 204 gold pieces.

Inventory:

Missiles
 c - 10 poisoned darts
 k - 6 atropa-tipped darts
Magical Staves
 r - an uncursed staff of earth {unknown}
Jewellery
 l - a +6 ring of intelligence (left tentacle)
Scrolls
 b - 3 scrolls of teleportation
 d - a scroll of remove curse
 f - a scroll of immolation {unknown}
 h - a scroll of amnesia {unknown}
 i - 2 scrolls of identify {unknown}
 n - a scroll of enchant weapon {unknown}
 o - a scroll of blinking {unknown}
Potions
 a - 2 potions of lignification {unknown}
 e - a potion of brilliance {unknown}
 g - 2 potions of heal wounds {unknown}
 j - a potion of degeneration {unknown}
 m - a potion of cancellation {unknown}
 p - a potion of haste {unknown}
 q - a potion of berserk rage {unknown}


   Skills:
 + Level 1.8 Fighting
 + Level 3.3 Dodging
 + Level 3.1 Stealth
 + Level 4.9 Unarmed Combat
 + Level 2.8 Spellcasting
 + Level 2.1 Transmutations


You had 6 spell levels left.
You knew the following spells:

 Your Spells              Type           Power        Failure   Level
a - Beastly Appendage     Tmut           26%          4%          1
b - Spider Form           Tmut/Pois      4%           22%         3

Your spell library contained the following spells:

 Spells                   Type           Power        Failure   Level
 Wereblood                Tmut           13%          8%          2
 Ice Form                 Ice/Tmut       8%           58%         4
 Blade Hands              Tmut           6%           80%         5


Dungeon Overview and Level Annotations

Branches:
Dungeon (3/15)

Altars:

Shops:
D:4 *

Annotations:
D:4 Blork the orc


Innate Abilities, Weirdness & Mutations

You cannot wear most types of armour.
You are very stealthy in the water. (Stealth+)
You are amphibious.
You can wear up to eight rings at the same time.
You can use your tentacles to constrict eight enemies at once.
Your skin changes colour to match your surroundings (Stealth+).
Your rubbery body absorbs attacks. (AC +1, EV +1)


Message History

Blork the orc hits you from afar with a +0 trident!
Blork the orc casts a spell at you. The puff of frost hits you!
You are too injured to fight recklessly!
Unknown command.
Okay, then.
Unknown command.
As you read the scroll labelled ZONERO SYWAGIO, it crumbles to dust.
You feel blessed for a moment.
It was a scroll of remove curse.
Blork the orc looks satisfied for a moment.
As you read the scroll labelled ANWATASHROS, it crumbles to dust.
You feel strangely unstable.
It was a scroll of teleportation.
Blork the orc hits you from afar with a +0 trident!
* * * LOW HITPOINT WARNING * * *
Blork the orc hits you from afar with a +0 trident.
* * * LOW HITPOINT WARNING * * *
Blork the orc screams, "You are the ugliest creature I've ever seen!"
Blork the orc casts a spell at you. The puff of flame hits you!
You die...

.............#
.............#
.............#
###(.##.########+##
##..##†##.........
.........'.........
.........#.......(.
#...###+##.........
#+###....@##+#..$..
...'.....# ....
...#.o...+ ...
#.....# #......
########


You could see Blork the orc (fast).

Vanquished Creatures
  An orc priest (D:3)
  Natasha (thrice) (D:2)
  A worker ant (D:4)
  6 adders (D:3)
  2 oozes
  A worm (D:3)
  3 dart slugs
  3 leopard geckos
  5 orcs
  4 ball pythons
  8 giant cockroaches
  7 goblins
  5 hobgoblins
  2 jackals (D:2)
  7 quokkas
  8 bats
  7 frilled lizards
  9 kobolds
  6 rats
88 creatures vanquished.

Notes
Turn   | Place    | Note
-------+----------+-------------------------------------------
     0 | D:1      | H0rd4k the Octopode Transmuter began the quest for the Orb.
     0 | D:1      | Reached XP level 1. HP: 13/13 MP: 3/3
    95 | D:1      | Reached XP level 2. HP: 18/18 MP: 5/5
   272 | D:1      | Reached XP level 3. HP: 23/23 MP: 6/6
   994 | D:1      | Learned a level 3 spell: Spider Form
  1157 | D:2      | Noticed Natasha
  1170 | D:2      | Killed Natasha
  1171 | D:2      | Reached skill level 1 in Stealth
  1171 | D:2      | Reached XP level 4. HP: 15/28 MP: 5/8
  1455 | D:2      | Noticed Natasha
  1462 | D:2      | Killed Natasha
  1463 | D:2      | Reached skill level 4 in Unarmed Combat
  1888 | D:2      | Noticed Natasha
  1895 | D:2      | Killed Natasha
  1896 | D:2      | Reached XP level 5. HP: 32/33 MP: 9/9
  2946 | D:3      | Reached XP level 6. HP: 37/39 MP: 8/10
  3230 | D:3      | You fall into a shaft and drop 1 floor!
  3230 | D:4      | Found Terchuaxe's Assorted Antiques.
  3489 | D:4      | Noticed Blork the orc
  3495 | D:4      | Killed from afar by Blork the orc

Illustrated notes

Levels and vault maps discovered:
D:1:      dpeg_arrival_rooms_with_view, layout_basic
D:2:      minmay_chambers_of_twos, layout_basic, minmay_hexomino_p4,
          uniq_natasha
D:3:      cheibrodos_pilgrimage, layout_basic, chequers_ecumenical_altar_grove
D:4:      layout_gridville, serial_shops, shop_fountains, shop_fountains,
          nicolae_shop_crystal, nicolae_shop_behind_doors, shop_fountains,
          uniq_pikel, uniq_blork_the_orc

Skill      XL: |  1  2  3  4  5 |
---------------+----------------+-----
Stealth        | 1 2 3 |  3.1
Unarmed Combat | 4 |  4.9
Dodging        | 3 |  3.3
Fighting       | |  1.8
Spellcasting   | |  2.8
Transmutations | |  2.1

Action                   |  1- 3 |  4- 6 || total
-------------------------+-------+-------++-------
Melee: Unarmed           |    82 |   146 ||   228
       Tentacles         |    12 |    19 ||    31
       Constrict         |    26 |    41 ||    67
       Punch             |     3 |     5 ||     8
       Kick              |       |     4 ||     4
 Cast: Beastly Appendage |       |     8 ||     8
  Use: Scroll            |       |     2 ||     2
 Stab: Sleeping          |     7 |     7 ||    14
       Distracted        |       |     1 ||     1
Armor: Skin              |     7 |    11 ||    18
Dodge: Dodged            |    56 |    81 ||   137
